 Dungeon Crawl Stone Soup version 0.30.0-29-ga12c61a403 (webtiles) character file.

Game seed: 6892806558204276881

643 Ijustatesigmund the Stinger (level 7, -14/43 HPs)
             Began as an Octopode Venom Mage on June 14, 2023.
             Demolished by a komodo dragon (26 damage)
             ... on level 6 of the Dungeon.
             The game lasted 00:09:30 (5306 turns).

Ijustatesigmund the Stinger (Octopode Venom Mage)   Turns: 5306, Time: 00:09:30

Health: -14/43     AC:  1    Str:  8    XL:     7   Next: 51%
Magic:  4/13       EV: 13    Int: 19    God:
Gold:   169        SH:  0    Dex: 12    Spells: 4/14 levels left

rFire   . . .        b - +0 spear
rCold   . . .        (no shield)
rNeg    . . .        (helmet restricted)
rPois   .            (no amulet)
rElec   .            i - ring of resist corrosion
rCorr   +            (no ring)
SInv    .            (no ring)
Will    .....        (no ring)
Stlth   +++          (no ring)
HPRegen 0.27/turn    (no ring)
MPRegen 0.13/turn    (no ring)
                     (no ring)

%: no passive effects
@: no status effects
A: almost no armour, amphibious, 8 rings, camouflage 1, gelatinous body 1,
(nimble swimmer 1), tentacles
a: no special abilities


You were on level 6 of the Dungeon.
You visited 1 branch of the dungeon, and saw 6 of its levels.

You collected 169 gold pieces.

Inventory:

Hand Weapons
 b - a +0 spear (weapon)
Jewellery
 i - a ring of resist corrosion (left tentacle)
Scrolls
 c - a scroll of blinking {unknown}
 h - a scroll of amnesia
 j - a scroll of enchant armour {unknown}
 k - 2 scrolls of identify
 l - a scroll of teleportation
Potions
 a - 2 potions of magic
 d - a potion of lignification
 e - a potion of brilliance {unknown}
 f - a potion of berserk rage {unknown}
 g - a potion of might {unknown}


   Skills:
 - Level 1.5 Fighting
 - Level 2.0 Dodging
 - Level 2.6 Stealth
 + Level 4.1 Spellcasting
 + Level 3.3 Conjurations
 - Level 1.0 Transmutations
 + Level 3.2 Air Magic
 + Level 6.1 Poison Magic


You had 4 spell levels left.
You knew the following spells:

 Your Spells              Type           Power      Damage    Failure   Level
a - Sting                 Tmut/Pois      68%        1d6       3%          1
b - Poisonous Vapours     Pois/Air       42%        N/A       3%          2
c - Mephitic Cloud        Conj/Pois/Air  20%        N/A       7%          3
d - Olgreb's Toxic Radia  Pois           27%        N/A       11%         4

Your spell library contained the following spells:

 Spells                   Type           Power      Damage    Failure   Level
 Portal Projectile        Hex/Tloc       6%         N/A       38%         3
 Tukima's Dance           Hex            3%         N/A       38%         3
 Blade Hands              Tmut           3%         N/A       94%         5


Dungeon Overview and Level Annotations

Branches:
Dungeon (6/15)
 Temple: D:4-7

Altars:
Nemelex Xobeh
Qazlal
Uskayaw
The Shining One

Annotations:
D:1 1 transporter
D:3 Grinder


Innate Abilities, Weirdness & Mutations

You cannot wear most types of armour.
You are amphibious.
You can wear up to eight rings at the same time.
Your skin changes colour to match your surroundings (Stealth+).
Your rubbery body absorbs attacks. (AC +1, EV +1)
((You are camouflaged when in or above water. (Stealth+)))
You have tentacles for arms and can constrict up to eight enemies at once.


Message History

Confirm with . or Enter, or press ? or * to list all spells.
Aiming: Poisonous Vapours (safe; 3% risk of failure)
Press: ? - help, Dir - move target, f - komodo dragon
Aim: a komodo dragon (lightly wounded, poisoned) Poisonous vapours surround the komodo dragon!
The komodo dragon looks even sicker.
Casting: Poisonous Vapours (safe; 3% risk of failure)
Confirm with . or Enter, or press ? or * to list all spells.
Aiming: Poisonous Vapours (safe; 3% risk of failure)
Press: ? - help, Dir - move target, f/p - komodo dragon
Aim: a komodo dragon (moderately wounded, very poisoned) Poisonous vapours surround the komodo dragon!
The komodo dragon looks even sicker.
Your toxic aura wanes.
Casting: Poisonous Vapours (safe; 3% risk of failure)
Confirm with . or Enter, or press ? or * to list all spells.
Aiming: Poisonous Vapours (safe; 3% risk of failure)
Press: ? - help, Dir - move target, f/p - komodo dragon
Aim: a komodo dragon (moderately wounded, very poisoned) Poisonous vapours surround the komodo dragon!
The komodo dragon looks as sick as possible!
You completely miss the komodo dragon.
The komodo dragon is moderately wounded.
The komodo dragon bites you!
You hit the komodo dragon but do no damage.
Your squeeze misses the komodo dragon.
The komodo dragon is severely wounded.
The komodo dragon bites you!
* * * LOW HITPOINT WARNING * * *
You are too injured to fight recklessly!
You are too injured to fight recklessly!
You are too injured to fight recklessly!
You are too injured to fight recklessly!
Okay, then.
Okay, then.
You barely miss the komodo dragon. You squeeze the komodo dragon.
The komodo dragon is severely wounded.
The komodo dragon bites you!!
Ouch! That really hurt!
You die...

#..........
#..$.......
#..........
..........
#.........
##.......##
#..........
#.@.......
#...l..###.
#........#
##.#.......
## .......
....#..
#..## . .##


You could see a komodo dragon (extremely poisoned).

Vanquished Creatures
  A black bear (D:4)
  A jelly (D:5)
  An orc priest (D:4)
  4 hounds
  3 iguanas (D:5)
  4 orc wizards
  7 adders
  4 gnolls (D:4)
  2 ufetubi
  2 dart slugs
  11 orcs
  5 ball pythons
  8 endoplasms
  3 giant cockroaches
  5 hobgoblins
  7 quokkas
  8 bats
  4 frilled lizards
  8 goblins
  2 kobolds
  5 rats
95 creatures vanquished.

Notes
Turn   | Place    | Note
-------+----------+-------------------------------------------
     0 | D:1      | Ijustatesigmund the Octopode Venom Mage began the quest for
                  | the Orb.
     0 | D:1      | Reached XP level 1. HP: 11/11 MP: 3/3
   235 | D:1      | Reached XP level 2. HP: 9/18 MP: 3/5
   238 | D:1      | Learned a level 2 spell: Poisonous Vapours
   323 | D:1      | Reached skill level 1 in Fighting
   393 | D:1      | Reached skill level 4 in Poison Magic
  1184 | D:1      | Reached XP level 3. HP: 23/23 MP: 3/6
  1638 | D:2      | You fall into a shaft and drop 2 floors!
  1781 | D:3      | Found a sparkling altar of Nemelex Xobeh.
  1978 | D:2      | Learned a level 3 spell: Mephitic Cloud
  2303 | D:2      | Reached XP level 4. HP: 28/28 MP: 4/8
  2761 | D:3      | Found a stormy altar of Qazlal.
  2789 | D:3      | Noticed Grinder
  2980 | D:4      | Reached skill level 1 in Conjurations
  2980 | D:4      | Reached skill level 1 in Air Magic
  3059 | D:4      | Reached XP level 5. HP: 25/33 MP: 3/9
  3378 | D:4      | Noticed a black bear
  3393 | D:4      | Killed a black bear
  3394 | D:4      | Reached skill level 5 in Poison Magic
  3394 | D:4      | Reached XP level 6. HP: 24/38 MP: 2/11
  3399 | D:4      | Learned a level 4 spell: Olgreb's Toxic Radiance
  4208 | D:5      | Entered Level 5 of the Dungeon
  4366 | D:5      | Reached XP level 7. HP: 24/43 MP: 7/12
  4918 | D:5      | Found a glowing golden altar of the Shining One.
  5051 | D:5      | Reached skill level 6 in Poison Magic
  5141 | D:5      | Found a hide-covered altar of Uskayaw.
  5299 | D:6      | Noticed a komodo dragon
  5306 | D:6      | Demolished by a komodo dragon

Illustrated notes

Levels and vault maps discovered:
D:1:      spicycebolla_arrival_risky_transporter, layout_loops_ring
D:2:      layout_basic
D:3:      layout_loops_ring, nemelex_xobeh_ov_fountains_minmay,
          lemuel_crystal_altar, uniq_grinder
D:4:      layout_rooms
D:5:      layout_rooms, mainiacjoe_overflow_alcove_4,
          nicolae_uskayaw_murder_on_the_dancefloor
D:6:      layout_cave_pools, grunt_temple_overflow_cloverleaf,
          lemuel_temple_firewalk_a, ebering_ghost_inner_flame,
          ebering_dispersal_statue_hall, minmay_unpleasant_kobolds, uniq_edmund

Skill      XL: |  1  2  3  4  5  6  7 |
---------------+----------------------+-----
Fighting       | 1 |  1.5
Poison Magic   | 4 5 6 |  6.1
Conjurations   | 1 2 3 |  3.3
Air Magic      | 1 2 3 |  3.2
Spellcasting   | 3 4 |  4.1
Dodging        | |  2.0
Stealth        | |  2.6
Transmutations | |  1.0

Action                     |  1- 3 |  4- 6 |  7- 9 || total
---------------------------+-------+-------+-------++-------
  Melee: Short sword       |    35 |       |       ||    35
         Constrict         |    22 |    19 |     7 ||    48
         Unarmed           |     3 |       |       ||     3
         Tentacles         |    13 |    17 |     8 ||    38
         Spear             |    42 |    90 |    44 ||   176
   Cast: Sting             |     5 |     3 |       ||     8
         Poisonous Vapours |    26 |    27 |    14 ||    67
         Mephitic Cloud    |       |     2 |       ||     2
         Olgreb's Toxic Ra |       |     4 |     1 ||     5
    Use: Scroll            |     8 |     2 |       ||    10
         Potion            |       |     2 |       ||     2
   Stab: Sleeping          |     8 |     2 |       ||    10
         Confused          |       |     1 |       ||     1
 Armour: Skin              |     7 |     4 |     3 ||    14
  Dodge: Dodged            |    32 |    45 |    22 ||    99
